 Dungeon Crawl Stone Soup version 0.30-a0-1016-gfb0d676c02 (webtiles) character file.

Game seed: 14295335596622781895

401 NinjaNoafa the Slicer (level 6, -6/44 HPs)
             Began as a Gnoll Wanderer on Apr 6, 2023.
             Mangled by a scorpion (7 damage)
             ... on level 3 of the Dungeon.
             The game lasted 00:11:52 (3637 turns).

NinjaNoafa the Slicer (Gnoll Wanderer)              Turns: 3637, Time: 00:11:53

Health: -6/44      AC:  4    Str: 12    XL:     6   Next: 85%
Magic:  9/9        EV: 16    Int: 20    God:
Gold:   59         SH:  0    Dex: 10    Spells: 9/9 levels left

rFire   . . .      SeeInvis .    a - +5 scythe "Finisher" {speed, eviscerate}
rCold   . . .      Faith    .    (shield currently unavailable)
rNeg    . . .      Spirit   .    e - +0 leather armour
rPois   .          Reflect  .    l - +0 helmet
rElec   .          Rampage  .    (no cloak)
rCorr   .                        (no gloves)
Will    .....                    (no boots)
Stlth   ++                       (no amulet)
HPRegen 0.27/turn                o - +5 ring of evasion
MPRegen 0.11/turn                d - +6 ring of intelligence

@: mighty, lethally poisoned (-6 -> -17)
A: fangs 1, strong nose, distributed training
a: no special abilities


You were on level 3 of the Dungeon.
You visited 2 branches of the dungeon, and saw 5 of its levels.

You collected 170 gold pieces.
You spent 111 gold pieces at shops.

Inventory:

Hand Weapons
 a - the +5 scythe "Finisher" (weapon) {speed, eviscerate}
   (You found it on level 3 of the Dungeon)
 b - a +2 short sword
Missiles
 n - 15 poisoned darts (quivered)
Armour
 c - a +0 buckler
 e - a +0 leather armour (worn)
 l - a +0 helmet (worn)
Jewellery
 d - a +6 ring of intelligence (right hand)
 m - a ring of ice
 o - a +5 ring of evasion (left hand)
Wands
 s - a wand of digging (3)
Scrolls
 f - 4 scrolls of blinking
 g - 3 scrolls of teleportation
 i - 3 scrolls of vulnerability
 j - a scroll of amnesia
 k - a scroll of torment {unknown}
 p - a scroll of summoning {unknown}
 q - a scroll of magic mapping {unknown}
 v - a scroll of fog
 w - a scroll of enchant weapon {unknown}
 x - 3 scrolls of identify
Potions
 h - a potion of might
 t - a potion of cancellation {unknown}
 u - a potion of mutation {unknown}
 z - a potion of brilliance {unknown}
 A - a potion of haste
 B - a potion of attraction {unknown}


   Skills:
 + Level 2.2 Fighting
 + Level 8.8 Short Blades
 + Level 2.2 Long Blades
 + Level 2.2 Axes
 + Level 2.2 Maces & Flails
 + Level 2.2 Polearms
 + Level 2.2 Staves
 + Level 2.2 Ranged Weapons
 + Level 2.2 Throwing
 + Level 3.4 Armour
 + Level 2.2 Dodging
 + Level 2.2 Stealth
 + Level 5.1 Shields
 + Level 3.4 Unarmed Combat
 + Level 2.2 Spellcasting
 + Level 1.8 Conjurations
 + Level 1.8 Hexes
 + Level 1.8 Summonings
 + Level 1.8 Necromancy
 + Level 1.8 Translocations
 + Level 1.8 Transmutations
 + Level 1.8 Fire Magic
 + Level 1.8 Ice Magic
 + Level 1.8 Air Magic
 + Level 1.8 Earth Magic
 + Level 1.8 Poison Magic
 + Level 2.4 Invocations
 + Level 5.1 Evocations


You had 9 spell levels left.
You didn't know any spells.
Your spell library contained the following spells:

 Spells                   Type           Power      Damage    Failure   Level
 Lesser Beckoning         Tloc           18%        N/A       14%         2
 Gell's Gravitas          Tloc           9%         N/A       28%         3
 Teleport Other           Tloc           9%         N/A       28%         3
 Blade Hands              Tmut           4%         N/A       95%         5
 Irradiate                Conj/Tmut      4%         3d13      95%         5
 Dragon Form              Tmut           4%         N/A       100%        7


Dungeon Overview and Level Annotations

Branches:
Dungeon (4/15)             Temple (1/1) D:4

Altars:
Cheibriados
Fedhas
Gozag
Kikubaaqudgha
Makhleb
Nemelex Xobeh
Qazlal
Ru
Sif Muna
Trog
Wu Jian
Xom
Yredelemnul
The Shining One

Shops:
D:2 *

Annotations:
D:2 1 runed translucent door, Crazy Yiuf
D:3 1 runed translucent door, Demosthentine's ghost, amateur DsGl


Innate Abilities, Weirdness & Mutations

You have very sharp teeth.
Your uncanny sense of smell can sniff out nearby items.
Your experience applies equally to all skills.


Message History

You are more poisoned.
The scorpion poisons you!
You closely miss the scorpion.
The scorpion is moderately wounded.
You feel very sick. The scorpion closely misses you.
You closely miss the scorpion.
The scorpion is moderately wounded.
You feel very sick. The scorpion stings you.
* * * LOW HITPOINT WARNING * * *
The scorpion stings you.
* * * LOW HITPOINT WARNING * * *
Unknown command.
Okay, then.
Unknown command.
You completely miss the scorpion.
The scorpion is moderately wounded.
You feel very sick. The scorpion barely misses you.
You closely miss the scorpion.
You bite the scorpion, but do no damage.
The scorpion is moderately wounded.
You feel sick. The scorpion barely misses you. x2
Unknown command.
You feel very mighty all of a sudden.
You feel sick. The scorpion stings you.
* * * LOW HITPOINT WARNING * * *
You are lethally poisoned!
The scorpion poisons you!
Unknown command.
Reach: a) +5 scythe "Finisher" {speed, eviscerate}
Press: ? - help, Dir - move target, f - scorpion
Aim: a scorpion (moderately wounded, about 43% to evade the +5 scythe "Finisher")
You closely miss the scorpion. Your bite misses the scorpion.
The scorpion is moderately wounded.
* * * LOW HITPOINT WARNING * * *
You feel very sick. The scorpion stings you!
You die...

#####.#
#..#)####.##...###
......#
#.......<........#
#####.#
#.#######.........
#.##########.#
########.#
#............# #.#
#.##########.# #.#
#####.# #># #.#
......# #s# ##.#
.###### #@#
########.#.
..##############.#
#.......###
.................#
#.####.## #
..################
#.# ##.### .## #.#
##.#. .# #.# ##.#
.# ######.#### ###
†# #..!......# .#
#.######..#


You could see a scorpion.

Vanquished Creatures
  A sky beast (D:4)
  A phantom (D:4)
  A hound (D:4)
  An orc priest (D:3)
  Jessica (D:2)
  Natasha (D:2)
  A gnoll (D:4)
  3 adders
  An ufetubus (D:3)
  A worm (D:3)
  2 dart slugs
  3 orcs (D:3)
  5 ball pythons
  5 endoplasms
  3 giant cockroaches
  8 goblins
  9 hobgoblins
  5 quokkas
  4 bats
  5 frilled lizards
  4 kobolds
  3 rats (D:2)
68 creatures vanquished.

Vanquished Creatures (others)
  3 fungi (D:2)
  11 plants (D:4)
  2 withered plants (D:3)
16 creatures vanquished.

Grand Total: 84 creatures vanquished

Notes
Turn   | Place    | Note
-------+----------+-------------------------------------------
     0 | D:1      | NinjaNoafa the Gnoll Wanderer began the quest for the Orb.
     0 | D:1      | NinjaNoafa set off with the following items: a +2 short
                  | sword, a scroll of fog, a +0 buckler, a potion of berserk
                  | rage, a +0 leather armour.
     0 | D:1      | Reached XP level 1. HP: 13/13 MP: 1/1
   117 | D:1      | Reached XP level 2. HP: 12/19 MP: 2/2
   312 | D:1      | Found a faded altar of an unknown god.
   450 | D:1      | Reached XP level 3. HP: 25/25 MP: 3/3
   522 | D:2      | Noticed Jessica
   538 | D:2      | Reached skill level 1 in Invocations
   540 | D:2      | Killed Jessica
   541 | D:2      | Reached skill level 1 in Fighting
   541 | D:2      | Reached skill level 1 in Long Blades
   541 | D:2      | Reached skill level 1 in Axes
   541 | D:2      | Reached skill level 1 in Maces & Flails
   541 | D:2      | Reached skill level 1 in Polearms
   541 | D:2      | Reached skill level 1 in Staves
   541 | D:2      | Reached skill level 1 in Ranged Weapons
   541 | D:2      | Reached skill level 1 in Throwing
   541 | D:2      | Reached skill level 1 in Dodging
   541 | D:2      | Reached skill level 1 in Stealth
   541 | D:2      | Reached skill level 1 in Spellcasting
   541 | D:2      | Reached XP level 4. HP: 18/32 MP: 3/5
   971 | D:2      | Found Zokhyceusk's Assorted Antiques.
   980 | D:2      | Bought a scroll labelled UCLOMO ZAITULOILOPS for 24 gold
                  | pieces
   980 | D:2      | Bought a scroll labelled ECKIOK YCEUTARPH for 24 gold
                  | pieces
  1158 | D:2      | Noticed Natasha
  1170 | D:2      | Killed Natasha
  1171 | D:2      | Reached skill level 1 in Conjurations
  1171 | D:2      | Reached skill level 1 in Hexes
  1171 | D:2      | Reached skill level 1 in Summonings
  1171 | D:2      | Reached skill level 1 in Necromancy
  1171 | D:2      | Reached skill level 1 in Translocations
  1171 | D:2      | Reached skill level 1 in Transmutations
  1171 | D:2      | Reached skill level 1 in Fire Magic
  1171 | D:2      | Reached skill level 1 in Ice Magic
  1171 | D:2      | Reached skill level 1 in Air Magic
  1171 | D:2      | Reached skill level 1 in Earth Magic
  1171 | D:2      | Reached skill level 1 in Poison Magic
  1955 | D:2      | Found a runed translucent door.
  1956 | D:2      | Noticed Crazy Yiuf
  2019 | D:2      | Bought a silvery potion for 21 gold pieces
  2019 | D:2      | Bought an amethyst potion for 21 gold pieces
  2019 | D:2      | Bought a golden potion for 21 gold pieces
  2287 | D:3      | Found a snail-covered altar of Cheibriados.
  2340 | D:3      | Reached XP level 5. HP: 37/37 MP: 5/7
  2384 | D:3      | Found the +5 scythe "Finisher" {speed, eviscerate}
  2705 | D:3      | Found a runed translucent door.
  2706 | D:3      | Noticed Demosthentine's ghost (amateur DsGl)
  2849 | D:4      | Found a staircase to the Ecumenical Temple.
  2867 | D:4      | Noticed a sky beast
  2882 | Temple   | Entered the Ecumenical Temple
  3089 | D:4      | Killed a sky beast
  3090 | D:4      | Reached skill level 5 in Shields
  3090 | D:4      | Reached skill level 5 in Evocations
  3090 | D:4      | Reached XP level 6. HP: 13/44 MP: 7/9
  3235 | D:4      | Found a blossoming altar of Fedhas.
  3339 | D:4      | Found an ancient bone altar of Kikubaaqudgha.
  3637 | D:3      | HP: 1/44 [poisoned by a scorpion]
  3637 | D:3      | Mangled by a scorpion

Illustrated notes

Levels and vault maps discovered:
D:1:      amcnicky_arrival_double_pillar, layout_rooms,
          ebering_ecumenical_altar_hall
D:2:      layout_basic, serial_shops, nicolae_shop_statue_plus,
          minmay_hedge_maze, kennysheep_flooded_box, reono_crystal_passage,
          uniq_natasha, uniq_jessica, uniq_crazy_yiuf_cottage
D:3:      layout_loops_ring, slow_altar_1, gammafunk_ghost_grave
D:4:      kennysheep_big_flooded_room, layout_rooms, fedhas_altar_decomposition,
          nicolae_kikubaaqudgha_miasma_corner, minmay_temple_entry_statues
Temple:   bh_familiar_temple

Skill      XL: |  1  2  3  4  5 |
---------------+----------------+-----
Invocations    | 1 2 |  2.4
Fighting       | 1 2 |  2.2
Long Blades    | 1 2 |  2.2
Axes           | 1 2 |  2.2
Maces & Flails | 1 2 |  2.2
Polearms       | 1 2 |  2.2
Staves         | 1 2 |  2.2
Ranged Weapons | 1 2 |  2.2
Throwing       | 1 2 |  2.2
Dodging        | 1 2 |  2.2
Stealth        | 1 2 |  2.2
Spellcasting   | 1 2 |  2.2
Conjurations   | 1 |  1.8
Hexes          | 1 |  1.8
Summonings     | 1 |  1.8
Necromancy     | 1 |  1.8
Translocations | 1 |  1.8
Transmutations | 1 |  1.8
Fire Magic     | 1 |  1.8
Ice Magic      | 1 |  1.8
Air Magic      | 1 |  1.8
Earth Magic    | 1 |  1.8
Poison Magic   | 1 |  1.8
Armour         | 3 |  3.4
Unarmed Combat | 3 |  3.4
Shields        | 5 |  5.1
Evocations     | 5 |  5.1
Short Blades   | |  8.8

Action                     |  1- 3 |  4- 6 || total
---------------------------+-------+-------++-------
  Melee: Short sword       |    63 |   100 ||   163
         Bite              |     3 |    15 ||    18
         Scythe            |       |    85 ||    85
  Throw: Dart              |       |     4 ||     4
    Use: Potion            |     1 |     5 ||     6
         Scroll            |       |     8 ||     8
   Stab: Sleeping          |       |     3 ||     3
 Armour: Leather armour    |    11 |    30 ||    41
  Dodge: Dodged            |    15 |   113 ||   128
  Block: Buckler           |    10 |    18 ||    28

Table legend: (Time is in decaauts)
 A = Elapsed time spent in this place.
 B = Non-inter-level travel time spent in this place.
 C = Inter-level travel time spent in this place.
 D = Time resting spent in this place.
 E = Time spent auto-exploring this place.
 F = Levels seen in this place.
 G = Mean time per level.
                   A        B        C        D        E       F      G
               +--------+--------+--------+--------+--------+-----+--------+
         Total |   3594 |   3167 |    427 |    127 |   2378 |   5 |  718.8 |
       Dungeon |   3402 |   2996 |    406 |    127 |   2211 |   4 |  850.5 |
        Temple |    191 |    170 |     21 |      0 |    167 |   1 |  191.0 |
               +--------+--------+--------+--------+--------+-----+--------+

Top non-repeatable levels by time:
     D:2: 1562 daAuts
     D:3: 845 daAuts
     D:1: 551 daAuts
     D:4: 442 daAuts
  Temple: 191 daAuts
